SNL (28 & UNDER)
BLACKIRON DRAGONS @ MEMPHIS BLUES
07/01/2028
 
TOP OF THE 1ST
BlackIron Dragons batting - Pitching for Memphis Blues : LHP Joe Barnes
Pitching: LHP Joe Barnes
Batting: SHB Júlio Macías 0-0: Ball
1-0: Ball
2-0: Foul Ball, location: 2F
2-1: Swinging Strike
2-2: Foul Ball, location: 2F
2-2: Ball
3-2: Strikes out swinging
Batting: LHB Milo Glenn 0-0: Ball
1-0: Called Strike
1-1: Ball
2-1: Ball
3-1: Called Strike
3-2: Foul Ball, location: 2F
3-2: Foul Ball, location: 2F
3-2: Base on Balls
Batting: RHB Foster Hapgood 0-0: Foul Ball, location: 2F
0-1: Ball
1-1: Ball
2-1: Ball
3-1: Base on Balls
Milo Glenn to second
Batting: RHB Roderick Silva 0-0: Foul Ball, location: 2F
0-1: Foul Ball, location: 2F
0-2: Ball
1-2: Strikes out swinging
Batting: LHB António Romo 0-0: Ball
1-0: Fielders Choice at 2nd, 4-6 (Groundball, 4)
Top of the 1st over - 0 run(s), 0 hit(s), 0 error(s), 1 left on base; BlackIron 0 - Memphis 0
BOTTOM OF THE 1ST
Memphis Blues batting - Pitching for BlackIron Dragons : LHP Leonard Horton
Pitching: LHP Leonard Horton
Batting: LHB Pedro Ramos 0-0: Called Strike
0-1: Ball
1-1: Ball
2-1: Ball
3-1: Ground out U3 (Groundball, 34S)
Batting: RHB Peter Bishop 0-0: Foul Ball, location: 2F
0-1: Called Strike
0-2: Ball
1-2: Foul Ball, location: 2F
1-2: Ball
2-2: Ball
3-2: Strikes out swinging
Batting: LHB Chris Austin 0-0: Called Strike
0-1: Ball
1-1: Foul Ball, location: 2F
1-2: Strikes out swinging
Bottom of the 1st over - 0 run(s), 0 hit(s), 0 error(s), 0 left on base; BlackIron 0 - Memphis 0
TOP OF THE 2ND
BlackIron Dragons batting - Pitching for Memphis Blues : LHP Joe Barnes
Batting: RHB Bernardo Corona 0-0: SINGLE (Line Drive, 8LS)
Batting: RHB Jesús Castillo 0-0: Called Strike
0-1: Ball
1-1: DOUBLE (Flyball, 78D)
Bernardo Corona to third
Batting: LHB Miguel García 0-0: Foul Ball, location: 2F
0-1: Foul Ball, location: 2F
0-2: SINGLE (Line Drive, 34)
Bernardo Corona scores
Jesús Castillo to third
Batting: RHB Jorge Loanos 0-0: Swinging Strike
0-1: Foul Ball, location: 2F
0-2: Ball
1-2: Strikes out swinging
Batting: SHB Júlio Macías 0-0: Ball
Miguel García is caught stealing 2nd base
1-0: Ball
2-0: Ball
3-0: Base on Balls
Batting: LHB Milo Glenn 0-0: Called Strike
0-1: Called Strike
0-2: SINGLE (Groundball, 56D)
Jesús Castillo scores
Júlio Macías to second
Batting: RHB Foster Hapgood 0-0: Ball
1-0: Swinging Strike
1-1: Swinging Strike
1-2: Ball
2-2: Strikes out swinging
Top of the 2nd over - 2 run(s), 4 hit(s), 0 error(s), 2 left on base; BlackIron 2 - Memphis 0
BOTTOM OF THE 2ND
Memphis Blues batting - Pitching for BlackIron Dragons : LHP Leonard Horton
Batting: LHB Alan McGilroy 0-0: Called Strike
0-1: Called Strike
0-2: Foul Ball, location: 2F
0-2: Ground out 4-3 (Groundball, 4)
Batting: SHB Terry Dailey 0-0: Ball
1-0: Ball
2-0: DOUBLE (Line Drive, 9D)
Batting: RHB Jaime Spiridon 0-0: Foul Ball, location: 2F
0-1: Ground out 4-3 (Groundball, 4)
Terry Dailey to third
Batting: LHB Mel Jones 0-0: Ball
1-0: Ball
2-0: Called Strike
2-1: Ball
3-1: Swinging Strike
3-2: Strikes out looking
Bottom of the 2nd over - 0 run(s), 1 hit(s), 0 error(s), 1 left on base; BlackIron 2 - Memphis 0
TOP OF THE 3RD
BlackIron Dragons batting - Pitching for Memphis Blues : LHP Joe Barnes
Batting: RHB Roderick Silva 0-0: Ball
1-0: Foul Ball, location: 2F
1-1: SINGLE (Groundball, 34D)
Batting: LHB António Romo 0-0: Called Strike
0-1: Ball
1-1: Swinging Strike
1-2: Strikes out swinging
Batting: RHB Bernardo Corona 0-0: Called Strike
0-1: Fly out, F4 (Popup, 34)
Batting: RHB Jesús Castillo 0-0: Called Strike
0-1: Swinging Strike
0-2: Ball
1-2: Foul Ball, location: 2F
1-2: Foul Ball, location: 2F
1-2: Ball
2-2: Ball
3-2: Foul Ball, location: 2F
3-2: Base on Balls
Roderick Silva to second
Batting: LHB Miguel García 0-0: Ball
1-0: Ball
2-0: Ball
3-0: Foul Ball, location: 2F
3-1: Base on Balls
Roderick Silva to third
Jesús Castillo to second
Batting: RHB Jorge Loanos 0-0: Foul Ball, location: 2F
0-1: Ball
Wild Pitch!
Roderick Silva scores
Jesús Castillo to third
Miguel García to second
1-1: Ball
2-1: Ball
3-1: TRIPLE (Flyball, 8LXD)
Jesús Castillo scores
Miguel García scores
Batting: SHB Júlio Macías 0-0: Ball
1-0: Ball
2-0: Ball
3-0: Called Strike
3-1: Called Strike
3-2: Foul Ball, location: 2F
3-2: Strikes out swinging
Top of the 3rd over - 3 run(s), 2 hit(s), 0 error(s), 1 left on base; BlackIron 5 - Memphis 0
BOTTOM OF THE 3RD
Memphis Blues batting - Pitching for BlackIron Dragons : LHP Leonard Horton
Batting: RHB Roberto Gómez 0-0: SINGLE (Line Drive, 7LS)
Batting: RHB David Crespo 0-0: Called Strike
0-1: Fly out, F7 (Flyball, 7)
Batting: LHB Pedro Ramos 0-0: Called Strike
0-1: Ball
1-1: Ball
Passed Ball!
Roberto Gómez to second
2-1: Called Strike
2-2: Ball
3-2: Foul Ball, location: 2F
3-2: Strikes out swinging
Batting: RHB Peter Bishop 0-0: Called Strike
0-1: Ball
1-1: Foul Ball, location: 2F
1-2: Ground out 6-3 (Groundball, 6)
Bottom of the 3rd over - 0 run(s), 1 hit(s), 0 error(s), 1 left on base; BlackIron 5 - Memphis 0
TOP OF THE 4TH
BlackIron Dragons batting - Pitching for Memphis Blues : LHP Joe Barnes
Pitching: RHP Pedro Orozco
Batting: LHB Milo Glenn 0-0: Ball
1-0: Swinging Strike
1-1: Foul Ball, location: 2F
1-2: Ball
2-2: Ball
3-2: Base on Balls
Batting: RHB Foster Hapgood 0-0: Grounds into double play, 6-4-3 (Groundball, 6)
Batting: RHB Roderick Silva 0-0: Ball
1-0: Called Strike
1-1: Swinging Strike
1-2: Ball
2-2: Foul Ball, location: 2F
2-2: DOUBLE (Flyball, 7D)
Batting: LHB António Romo 0-0: Called Strike
0-1: Swinging Strike
0-2: Fly out, F4 (Popup, 4)
Top of the 4th over - 0 run(s), 1 hit(s), 0 error(s), 1 left on base; BlackIron 5 - Memphis 0
BOTTOM OF THE 4TH
Memphis Blues batting - Pitching for BlackIron Dragons : LHP Leonard Horton
Batting: LHB Chris Austin 0-0: Ball
1-0: Ball
2-0: Called Strike
2-1: Foul Ball, location: 2F
2-2: Ground out 4-3 (Groundball, 34)
Batting: LHB Alan McGilroy 0-0: Ball
1-0: Ball
2-0: Foul Ball, location: 2F
2-1: SINGLE (Groundball, 34D)
Batting: SHB Terry Dailey 0-0: Ball
1-0: Ball
2-0: Called Strike
2-1: Foul Ball, location: 2F
2-2: Ball
3-2: Fly out, F1 (Line Drive, 13)
Batting: RHB Jaime Spiridon 0-0: DOUBLE (Groundball, 5L)
Alan McGilroy to third
Runner from 3rd tries for Home, SAFE, no throw
Batting: LHB Mel Jones 0-0: Swinging Strike
0-1: Ball
1-1: Ground out 6-3 (Groundball, 6)
Bottom of the 4th over - 1 run(s), 2 hit(s), 0 error(s), 1 left on base; BlackIron 5 - Memphis 1
TOP OF THE 5TH
BlackIron Dragons batting - Pitching for Memphis Blues : RHP Pedro Orozco
Batting: RHB Bernardo Corona 0-0: Called Strike
0-1: SINGLE (Groundball, 34D)
Batting: RHB Jesús Castillo 0-0: Ball
1-0: Foul Ball, location: 2F
1-1: Swinging Strike
1-2: Ball
2-2: Ball
Bernardo Corona is caught stealing 2nd base
3-2: Foul Ball, location: 2F
3-2: Base on Balls
Batting: LHB Miguel García 0-0: Ball
1-0: Foul Ball, location: 2F
1-1: Ball
2-1: Foul Ball, location: 2F
2-2: Strikes out swinging
Batting: RHB Jorge Loanos 0-0: Called Strike
0-1: Ball
1-1: Fielders Choice at 2nd, 6-4 (Groundball, 56)
Top of the 5th over - 0 run(s), 1 hit(s), 0 error(s), 0 left on base; BlackIron 5 - Memphis 1
BOTTOM OF THE 5TH
Memphis Blues batting - Pitching for BlackIron Dragons : LHP Leonard Horton
Batting: RHB Roberto Gómez 0-0: Ball
1-0: Ball
2-0: Reached on error, E6 (Groundball, 6)
Batting: RHB David Crespo 0-0: Called Strike
0-1: Foul Ball, location: 2F
0-2: 2-RUN HOME RUN (Flyball, 78XD), Distance : 433 ft
Batting: LHB Pedro Ramos 0-0: Called Strike
0-1: Foul Ball, location: 2F
0-2: Foul Ball, location: 2F
0-2: Strikes out looking
Batting: RHB Peter Bishop 0-0: Fly out, F8 (Flyball, 8LD)
Batting: LHB Chris Austin 0-0: Swinging Strike
0-1: Ball
1-1: Ball
2-1: SINGLE (Groundball, 34) (infield hit)
Batting: LHB Alan McGilroy 0-0: Called Strike
0-1: Ground out U3 (Groundball, 3)
Bottom of the 5th over - 2 run(s), 2 hit(s), 1 error(s), 1 left on base; BlackIron 5 - Memphis 3
TOP OF THE 6TH
BlackIron Dragons batting - Pitching for Memphis Blues : RHP Pedro Orozco
Batting: SHB Júlio Macías 0-0: Foul Ball, location: 2F
0-1: Swinging Strike
0-2: Ball
1-2: Fly out, F8 (Flyball, 8RS)
Batting: LHB Milo Glenn 0-0: Called Strike
0-1: Called Strike
0-2: Ball
1-2: Ball
2-2: Fly out, F9 (Flyball, 89M)
Pitching: RHP Germán Santos
Batting: RHB Foster Hapgood 0-0: Ball
1-0: Foul Ball, location: 2F
1-1: Ball
2-1: Swinging Strike
2-2: Strikes out swinging
Top of the 6th over - 0 run(s), 0 hit(s), 0 error(s), 0 left on base; BlackIron 5 - Memphis 3
BOTTOM OF THE 6TH
Memphis Blues batting - Pitching for BlackIron Dragons : LHP Leonard Horton
Batting: SHB Terry Dailey 0-0: Called Strike
0-1: Called Strike
0-2: Ball
1-2: Ball
2-2: Strikes out swinging
Batting: RHB Jaime Spiridon 0-0: Swinging Strike
0-1: Foul Ball, location: 2F
0-2: Strikes out swinging
Batting: LHB Mel Jones 0-0: Swinging Strike
0-1: Foul Ball, location: 2F
0-2: Ball
1-2: Ball
2-2: SINGLE (Groundball, 3D)
Batting: RHB Roberto Gómez 0-0: Ball
1-0: Called Strike
1-1: Ball
2-1: Fly out, F4 (Popup, 4M)
Bottom of the 6th over - 0 run(s), 1 hit(s), 0 error(s), 1 left on base; BlackIron 5 - Memphis 3
TOP OF THE 7TH
BlackIron Dragons batting - Pitching for Memphis Blues : RHP Germán Santos
Batting: RHB Roderick Silva 0-0: Ball
1-0: Called Strike
1-1: SINGLE (Groundball, 34D)
Batting: LHB António Romo 0-0: Ball
1-0: Called Strike
1-1: Swinging Strike
1-2: Strikes out looking
Batting: RHB Bernardo Corona 0-0: Called Strike
0-1: Ball
1-1: Foul Ball, location: 2F
1-2: Fly out, F8 (Flyball, 8RD)
Batting: RHB Jesús Castillo 0-0: Called Strike
0-1: Called Strike
0-2: Foul Ball, location: 2F
0-2: Fly out, F5 (Popup, 15)
Top of the 7th over - 0 run(s), 1 hit(s), 0 error(s), 1 left on base; BlackIron 5 - Memphis 3
BOTTOM OF THE 7TH
Memphis Blues batting - Pitching for BlackIron Dragons : LHP Leonard Horton
Pitching: RHP Juan Carlos Guerrero
Batting: RHB David Crespo 0-0: Ball
1-0: Fly out, F9 (Flyball, 9S)
Batting: LHB Pedro Ramos 0-0: Fly out, F9 (Line Drive, 9D)
Batting: RHB Peter Bishop 0-0: Called Strike
0-1: Called Strike
0-2: Ball
1-2: Ground out 5-3 (Groundball, 5S)
Bottom of the 7th over - 0 run(s), 0 hit(s), 0 error(s), 0 left on base; BlackIron 5 - Memphis 3
TOP OF THE 8TH
BlackIron Dragons batting - Pitching for Memphis Blues : RHP Germán Santos
Batting: LHB Miguel García 0-0: Ball
1-0: Called Strike
1-1: Called Strike
1-2: Fly out, F9 (Flyball, 89M)
Batting: RHB Jorge Loanos 0-0: Ball
1-0: Ball
2-0: Ball
3-0: Base on Balls
Batting: SHB Júlio Macías 0-0: Ball
1-0: Called Strike
1-1: Foul Ball, location: 2F
1-2: Strikes out swinging
Batting: LHB Milo Glenn 0-0: Ball
1-0: Ball
2-0: Ball
3-0: Base on Balls
Jorge Loanos to second
Batting: RHB Foster Hapgood 0-0: Called Strike
0-1: SINGLE (Flyball, 78S)
Jorge Loanos to third
Milo Glenn to second
Pinch Hitting: RHB Brady McIntyre 0-0: Ball
1-0: Ball
2-0: Called Strike
2-1: Foul Ball, location: 2F
2-2: SINGLE (Line Drive, 6MD)
Jorge Loanos scores
Milo Glenn to third
Foster Hapgood to second
Runner from 3rd tries for Home, SAFE, no throw
Batting: LHB António Romo 0-0: Ball
1-0: Fly out, F8 (Flyball, 78M)
Top of the 8th over - 2 run(s), 2 hit(s), 0 error(s), 2 left on base; BlackIron 7 - Memphis 3
BOTTOM OF THE 8TH
Memphis Blues batting - Pitching for BlackIron Dragons : RHP Juan Carlos Guerrero
Now at 1B: Vernon Sterling
Batting: LHB Chris Austin 0-0: Ball
1-0: Ball
2-0: DOUBLE (Line Drive, 8LXD)
Batting: LHB Alan McGilroy 0-0: Called Strike
0-1: Ball
1-1: Foul Ball, location: 2F
1-2: Ground out U3 (Groundball, 34)
Chris Austin to third
Batting: SHB Terry Dailey 0-0: Foul Ball, location: 2F
0-1: Swinging Strike
0-2: Foul Ball, location: 2F
0-2: Ball
1-2: Strikes out looking and he ARGUES THE CALL AND IS TOSSED!
Batting: RHB Jaime Spiridon 0-0: Ball
1-0: Ball
2-0: Foul Ball, location: 2F
2-1: Foul Ball, location: 2F
2-2: Strikes out swinging
Bottom of the 8th over - 0 run(s), 1 hit(s), 0 error(s), 1 left on base; BlackIron 7 - Memphis 3
TOP OF THE 9TH
BlackIron Dragons batting - Pitching for Memphis Blues : RHP Germán Santos
Now at 2B: José Cabral
Batting: RHB Bernardo Corona 0-0: Ball
1-0: Called Strike
1-1: Called Strike
1-2: Fly out, F9 (Flyball, 9)
Pitching: RHP Carlos Martínez
Batting: RHB Jesús Castillo 0-0: Ground out 6-3 (Groundball, 6M)
Batting: LHB Miguel García 0-0: Called Strike
0-1: Foul Ball, location: 2F
0-2: Ball
1-2: Ball
2-2: Ground out 1-3 (Groundball, P)
Top of the 9th over - 0 run(s), 0 hit(s), 0 error(s), 0 left on base; BlackIron 7 - Memphis 3
BOTTOM OF THE 9TH
Memphis Blues batting - Pitching for BlackIron Dragons : RHP Juan Carlos Guerrero
Batting: LHB Mel Jones 0-0: Reached on error, E4 (Groundball, 4)
Batting: RHB Roberto Gómez 0-0: Called Strike
0-1: Foul Ball, location: 2F
0-2: Ball
1-2: Fielders Choice at 2nd, 1-6 (Groundball, 13S)
Batting: RHB David Crespo 0-0: Ball
1-0: Grounds into double play, 4-6-3 (Groundball, 4M)
Bottom of the 9th over - 0 run(s), 0 hit(s), 1 error(s), 0 left on base; BlackIron 7 - Memphis 3
Tuesday, August 8th, 2017 - OOTP Baseball 17.12 Build 75